[Event "Luxembourg-chT 1112"]
[Site "Luxembourg"]
[Date "2012.03.03"]
[Round "10"]
[White "Philippe, Christophe"]
[Black "Berend, Elvira S"]
[Result "1-0"]
[ECO "B88"]
[WhiteElo "2418"]
[BlackElo "2370"]
[Annotator "RR"]
[PlyCount "85"]
[EventDate "2011.10.??"]
[EventType "team-tourn"]
[EventRounds "10"]
[EventCountry "LUX"]
[SourceTitle "EXT 2017"]
[Source "ChessBase"]
[SourceDate "2016.10.25"]
[SourceVersion "1"]
[SourceVersionDate "2016.10.25"]
[SourceQuality "1"]
[TimeControl "40/5400+30:1800+30"]

1. e4 c5 2. Nf3 d6 3. d4 cxd4 4. Nxd4 Nf6 5. Nc3 a6 6. Bc4 e6 7. Bb3 Qc7 {
Une ligne secondaire un peu passive} (7... b5 $142) (7... Nbd7 $142 ) 8. O-O Be7 (8... Nc6) 9. f4 Nc6 (9... O-O 10. f5) 10. Be3 (10.
Kh1 O-O 11. f5 Nxd4 12. Qxd4 b5 13. Bg5 $14) 10... O-O 11. f5 $1 Nxd4 12. Bxd4
b5 13. a3 (13. fxe6 fxe6 14. Kh1 Bd7) 13... exf5 $6 {Les Noirs espèrent
profiter de l'ouverture de la colonne "e" mais ils perdent le contrôle de la
case "d5" et cette ouverture semble prématurée} (13... Rb8 $1 {[%csl Gd5]
[%cal Gb5b4] Plus solide} 14. Qd3 b4 $132 {Lukin,A (2455)-Aseev,K (2530)
Petrov Memorial op 1996 (7) 0-1}) 14. exf5 Bb7 15. Qd2 (15. Qd3 d5
{Parma,B-Minic,D Novi Sad 1965 (15) 1/2}) 15... h6 $146 (15... Nd7 16. Rad1 Ne5
17. Nd5 Bxd5 18. Bxd5 Rac8 19. c3 Bf6 20. Qe2 Rfe8 21. Qh5 Re7 22. Rde1 Rce8
23. Re3 Qd8 24. Rfe1 g6 25. Qh3 Nd7 26. Bxf7+ Kxf7 27. Qxh7+ Kf8 28. Qh6+ Kg8
29. Qxg6+ Bg7 30. Bxg7 Nf8 31. Bxf8+ Kxf8 {1-0 (31) Snuverink,J (2175)-Van den
Berg,H Tilburg 2003}) 16. Rae1 Rae8 $1 (16... Rac8 $143 $6) 17. Re3 $1 {
Comme souvent dans une sicilenne ouverte, les Blancs doivent attaquer avant
que les Noirs n'aient le temps de contre-attaquer} Bd8 $1 {Les Noirs ont
beaucoup d'expérience sur cette défense Najdorf et les pièces Noires sont
maintenant bien coordonnées} 18. Rg3 Kh7 (18... Kh8) 19.
Nd5 $1 $40 Bxd5 20. Bxd5 Rg8 21. Rc3 $1 Qe7 22. Bc6 Qe2 $8 23. Qxe2 Rxe2 24. Bf3 Re7 25. Rc6 a5 (25...
Bc7 26. Rxa6) 26. Rxd6 Bc7 27. Rc6 Be5 28. Bxe5 (28. Re1 Rge8) 28... Rxe5 29.
Rc7 Rf8 30. Ra7 $1 a4 31. Rb7 Rc5 32. c3 {[%csl Rb5] La faiblesse "b5" doit
tomber} Kg8 33. Be2 $18 Re5 34. Bxb5 Rd8 35. Bc4 Rd2 36.
Bxf7+ Kf8 37. Bc4 Ng4 38. Rf7+ Ke8 39. Rxg7 Re4 40. f6 Nxf6 41. Bb5+ Nd7 42.
Rxd7 Rxd7 43. Rd1 1-0